AoeStats
← NhymeL

Arabia

509367589Analyzed
1v1 RM · 7d ago on Sep 26, 2026· 50m 30s· 2 players
Game mode
Random Map
Map size
Tiny (2 player)
Population
200
Speed
Normal
Resources
Standard
Victory
Conquest
Starting age
Dark Age
Ending age
Imperial Age
RankedLock teamsTeams togetherTeam positionsShared explorationLock speedFull tech treeHidden civsTurbo modeCheats
Victory
Defeat
🇹🇷 Franks · Türkiye
782
+40
🇳🇱 Spanish · Netherlands
776
-16
Fermacelli_NL
3:08 Loom
10:40 Feudal Age
15:32 Castle Age
13:46 Horse Collar
14:52 Double-Bit Axe
18:00 Wheelbarrow
19:36 Scale Mail Armor
21:37 Forging
22:06 Scale Barding Armor
22:20 Chain Mail Armor
22:15 Stone Mining
24:14 Bow Saw
25:27 Pikeman
26:40 Gold Mining
27:26 Fletching
28:14 Scale Barding Armor
28:13 Padded Archer Armor
30:45 Chain Barding Armor
31:40 Iron Casting
33:05 Leather Archer Armor
37:20 Hand Cart
36:51 Town Watch
38:06 Bodkin Arrow
39:02 Town Patrol
42:03 Imperial Age
43:21 Halberdier
45:41 Blast Furnace
NhymeL
4:53 Loom
11:10 Feudal Age
15:40 Scale Barding Armor
16:44 Forging
18:14 Double-Bit Axe
18:50 Gold Mining
20:34 Arson
21:37 Scale Mail Armor
26:39 Castle Age
27:00 Wheelbarrow
26:12 Town Watch
27:19 Gambesons
26:56 Pikeman
27:38 Husbandry
27:00 Light Cavalry
28:03 Bow Saw
32:15 Chain Barding Armor
35:31 Gold Shaft Mining
36:17 Elite Skirmisher
40:19 Iron Casting
39:34 Fletching
48:39 Stone Mining
Connection lost

Rejoining the realm…

Still unreachable

The connection could not be restored.

Session expired

The server has moved on; the page needs a fresh start.